 Dungeon Crawl Stone Soup version 0.29-a0-91-gdebf4667c2 (webtiles) character file.

Game seed: 496002531323659581

9731 siradein the Arsonist (level 11, -3/74 HPs)
             Began as a Green Draconian Fire Elementalist on Feb 8, 2022.
             Was an Elder of Vehumet.
             Killed by an exploding five-headed hydra (59 damage)
             ... ignited by their inner flame
             ... on level 1 of the Lair of Beasts on Feb 9, 2022.
             The game lasted 00:56:08 (13934 turns).

siradein the Arsonist (DrFE)                       Turns: 13934, Time: 00:56:09

Health: -3/74      AC:  9    Str: 14    XL:     11   Next: 26%
Magic:  19/23      EV: 32    Int: 19    God:    Vehumet [****..]
Gold:   504        SH:  0    Dex: 18    Spells: 6/26 levels left

rFire   . . .      SeeInvis .   t - +7 staff of the Meek {protect, meekguard}
rCold   + . .      Faith    .   (shield currently unavailable)
rNeg    + . .      Spirit   .   (armour unavailable)
rPois   +          Reflect  .   (helmet restricted)
rElec   .          Harm     .   (no cloak)
rCorr   +          Rampage  .   r - +0 pair of gloves
Will    .....                   o - +0 pair of boots
Stlth   ++........              D - amulet of Vuawo {Acrobat Str+3}
HPRegen 0.22/turn               k - ring "Poatuit" {rPois rC+ rN+ rCorr}
MPRegen 0.18/turn               p - +6 ring of dexterity

@: acrobatic
A: breathe noxious fumes, AC +7, unfitting armour, poison resistance,
cold-blooded
a: Breathe Noxious Fumes, Renounce Religion


You were on level 1 of the Lair of Beasts.
You worshipped Vehumet.
Vehumet was greatly pleased with you.
You visited 3 branches of the dungeon, and saw 13 of its levels.

You collected 504 gold pieces.

Inventory:

Hand Weapons
 t - the +7 staff of the Meek (weapon) {protect, meekguard}
   (You found it on level 6 of the Dungeon)

   It grants its wielder temporary protection when it strikes (+7 to AC).
   It provides extra protection to wielders with little health.
Missiles
 z - 3 throwing nets
Armour
 o - a +0 pair of boots (worn)
 r - a +0 pair of gloves (worn)
 y - an orb of energy
Jewellery
 k - the ring "Poatuit" (left hand) {rPois rC+ rN+ rCorr}
   (You found it on level 2 of the Dungeon)

   [ring of positive energy]

   rC:        It protects you from cold.
   rPois:     It protects you from poison.
   rN:        It protects you from negative energy.
   rCorr:     It protects you from acid and corrosion.
 p - a +6 ring of dexterity (right hand)
 D - the amulet of Vuawo (around neck) {Acrobat Str+3}
   (You found it on level 9 of the Dungeon)

   [amulet of the acrobat]

   It increases your evasion while moving and waiting.
   Str:       It affects your strength (+3).
 J - a ring of wizardry
Wands
 l - a wand of flame (6)
 B - a wand of paralysis (1)
 E - a wand of digging (10)
 F - a wand of charming (4)
 H - a wand of polymorph (7)
Scrolls
 a - 2 scrolls of magic mapping
 d - 4 scrolls of immolation
 f - a scroll of enchant armour
 m - 5 scrolls of teleportation
 u - 2 scrolls of enchant weapon
 v - 2 scrolls of fear {unknown}
 w - a scroll of blinking {unknown}
 x - a scroll of amnesia {unknown}
 G - a scroll of brand weapon {unknown}
 I - a scroll of fog {unknown}
Potions
 b - 2 potions of might
 c - 2 potions of haste
 e - a potion of lignification
 g - 2 potions of mutation
 h - 3 potions of brilliance
 i - 5 potions of curing
 j - 2 potions of heal wounds
 n - a potion of ambrosia {unknown}
 q - a potion of attraction {unknown}
 s - a potion of flight {unknown}
 A - a potion of invisibility
 C - a potion of berserk rage {unknown}


   Skills:
 + Level 8.2 Dodging
 - Level 1.7 Stealth
 + Level 8.2 Spellcasting
 + Level 8.8 Conjurations
 + Level 9.3 Fire Magic
 + Level 3.4 Evocations


You had 6 spell levels left.
You knew the following spells:

 Your Spells              Type           Power      Damage    Failure   Level
a - Foxfire               Conj/Fire      100%       2x1d9     1%          1
b - Scorch                Fire           86%        2d9       1%          2
c - Conjure Flame         Conj/Fire      42%        6-21      1%          3
d - Inner Flame           Hex/Fire       25%        N/A       1%          3
e - Flame Wave            Conj/Fire      42%        2d9       1%          4
f - Ignite Poison         Fire/Tmut/Pois 19%        N/A       2%          3
g - Sticky Flame          Conj/Fire      42%        2d6       1%          4

Your spell library contained the following spells:

 Spells                   Type           Power      Damage    Failure   Level
 Stone Arrow              Conj/Erth      48%        3d10      1%          3
 Freeze                   Ice            28%        1d5       2%          1
 Hailstorm                Conj/Ice       24%        3d7       4%          4
 Frozen Ramparts          Ice            14%        1d3       7%          3
 Slow                     Hex            28%        N/A       9%          1
 Olgreb's Toxic Radiance  Pois           7%         N/A       22%         4
 Call Canine Familiar     Summ           7%         N/A       26%         3
 Confusing Touch          Hex            7%         N/A       26%         3
 Portal Projectile        Hex/Tloc       14%        N/A       26%         3
 Tukima's Dance           Hex            7%         N/A       26%         3
 Vampiric Draining        Necr           7%         2d6       26%         3
 Yara's Violent Unravell  Hex/Tmut       3%         3d4       50%         5
 Leda's Liquefaction      Hex/Erth       3%         N/A       65%         4
 Passage of Golubria      Tloc           7%         N/A       65%         4
 Ignition                 Fire           21%        3d8       95%         8
 Ozocubu's Refrigeration  Ice            3%         4d5       100%        7


Dungeon Overview and Level Annotations

Branches:
Dungeon (11/15)            Temple (1/1) D:4            Lair (1/6) D:8
    Orc (0/2) D:9

Altars:
Ashenzari
Cheibriados
Dithmenos
Elyvilon
Fedhas
Gozag
Hepliaklqana
Kikubaaqudgha
Makhleb
Nemelex Xobeh
Okawaru
Qazlal
Ru
Sif Muna
Trog
Uskayaw
Vehumet
Wu Jian
Xom
Yredelemnul
Zin
The Shining One

Shops:
D:4 (

Annotations:
D:9 2 runed translucent doors


Innate Abilities, Weirdness & Mutations

You can breathe blasts of noxious fumes.
Your lurid green scales are hard. (AC +7)
You cannot fit into any form of body armour.
Your system is resistant to poisons. (rPois)
You are cold-blooded and may be slowed by cold attacks.


Message History

Flame seeps out of the five-headed hydra.
Casting: Foxfire (safe; 1% risk of failure)
Confirm with . or Enter, or press ? or * to list all spells.
Flames lash the five-headed hydra.
Flame seeps out of the five-headed hydra.
The five-headed hydra is moderately wounded.
The five-headed hydra's fire resistance burns away.
The five-headed hydra is engulfed in blazing flames.
Flame seeps out of the five-headed hydra.
Casting: Scorch (safe; 1% risk of failure)
Confirm with . or Enter, or press ? or * to list all spells.
You conjure some foxfire!
Your foxfire dissipates!
The foxfire hits the five-headed hydra!
The five-headed hydra is burned terribly!
Flame seeps out of the five-headed hydra.
The five-headed hydra is severely wounded.
The five-headed hydra is engulfed in blazing flames.
Flame seeps out of the five-headed hydra.
Casting: Foxfire (safe; 1% risk of failure)
Confirm with . or Enter, or press ? or * to list all spells.
You conjure some foxfire!
The five-headed hydra bites you!
The five-headed hydra completely misses you.
The five-headed hydra barely misses you.
The five-headed hydra bites you! The five-headed hydra bites you.
The foxfire hits the five-headed hydra.
The five-headed hydra is burned terribly!
Flame seeps out of the five-headed hydra.
The five-headed hydra is almost dead.
The foxfire hits the five-headed hydra!
The five-headed hydra is burned terribly!
Flame seeps out of the five-headed hydra.
The five-headed hydra is almost dead.
The five-headed hydra is engulfed in blazing flames.
Vehumet accepts your kill.
You feel your power returning.
The five-headed hydra explodes!
The fiery explosion engulfs you!!!
Ouch! That really hurt!
You die...

#.# ... ........ ... . ..........
... .# ##..#..... ###.#
#...#.........
!........####...###.............
.....#...##......##...#........#.
.........#............#..........
.....#....#..§§.@.P..............
.........##..°○§.##...#..........
.....#....§...§..##...#..........
.... #[..#.########..............
.D. #...##.#.#.#.#...#........#.
.P #................####.##.... .
......#.......#..............
.......[......................
.........#....>..#..............


There were no monsters in sight!

Vanquished Creatures
  A hydra (Lair:1)
  A two-headed ogre (D:11)
  Psyche (D:11)
  2 cane toads (Lair:1)
  3 komodo dragons
  Maggie (D:6)
  A troll (D:7)
  9 yaks
  A wyvern (D:9)
  2 basilisks (D:11)
  2 acid dragons
  4 water moccasins
  A black bear (D:6)
  A sky beast (D:6)
  5 orc warriors
  4 ice beasts
  2 necrophages
  A centaur (D:9)
  4 ogres
  3 phantoms
  A kobold brigand (D:7)
  A gnoll sergeant (D:9)
  5 bullfrogs
  2 wyvern zombies (D:8)
  2 scorpions
  A water moccasin skeleton (D:5)
  8 killer bees
  12 wights
  4 howler monkeys
  An electric eel (D:9)
  4 centaur zombies
  A bullfrog skeleton (D:6)
  2 orc priests
  3 hounds
  An iguana (D:5)
  7 orc wizards
  A killer bee zombie (D:6)
  A hound skeleton (D:4)
  2 howler monkey zombies
  13 gnolls
  7 adders
  A shadow imp (D:5)
  A white imp (D:6)
  2 dart slugs
  38 orcs
  5 endoplasms
  A giant cockroach (D:4)
  3 goblins
  9 hobgoblins
  12 jackals
  5 quokkas
  7 ball pythons
  3 bats
  3 frilled lizards
  12 kobolds
  2 rats (D:1)
232 creatures vanquished.

Vanquished Creatures (others)
  An electric eel (D:9)
  650 foxfires
  33 plants
684 creatures vanquished.

Grand Total: 916 creatures vanquished

Notes
Turn   | Place    | Note
-------+----------+-------------------------------------------
     0 | D:1      | siradein the Draconian Fire Elementalist began the quest
                  | for the Orb.
     0 | D:1      | Reached XP level 1. HP: 14/14 MP: 3/3
   296 | D:1      | Reached XP level 2. HP: 20/20 MP: 0/5
   506 | D:1      | Found a faded altar of an unknown god.
   926 | D:1      | Reached XP level 3. HP: 20/26 MP: 4/6
  1250 | D:2      | Learned a level 2 spell: Scorch
  1254 | D:2      | Learned a level 3 spell: Conjure Flame
  1485 | D:2      | Noticed an ogre
  1493 | D:2      | Killed an ogre
  1494 | D:2      | Reached XP level 4. HP: 33/33 MP: 0/8
  1611 | D:2      | Reached XP level 5. HP: 36/38 MP: 5/9
  1774 | D:2      | Identified the ring "Poatuit" {rPois rC+ rN+ rCorr}
  2256 | D:3      | Reached skill level 4 in Fire Magic
  2458 | D:3      | Found a blossoming altar of Fedhas.
  2460 | D:3      | Found a sparkling altar of Nemelex Xobeh.
  2586 | D:3      | Noticed an ogre
  2598 | D:3      | Killed an ogre
  2599 | D:3      | Reached XP level 6. HP: 45/45 MP: 1/11
  2770 | D:3      | Found an ancient bone altar of Kikubaaqudgha.
  2793 | D:3      | Found a glowing golden altar of the Shining One.
  3107 | D:4      | Found a staircase to the Ecumenical Temple.
  3113 | Temple   | Entered the Ecumenical Temple
  3228 | Temple   | Became a worshipper of Vehumet
  3277 | D:4      | Found Wawyov's Weapon Shop.
  3953 | D:4      | Your scales start taking on a lurid green colour.
  3953 | D:4      | Reached XP level 7. HP: 50/50 MP: 1/12
  3953 | D:4      | Gained mutation: Your system is resistant to poisons.
                  | (rPois) [Green Draconian growth]
  4058 | D:4      | Learned a level 3 spell: Inner Flame
  4356 | D:5      | Entered Level 5 of the Dungeon
  4356 | D:5      | Found a bloodstained altar of Trog.
  4448 | D:5      | Reached skill level 5 in Fire Magic
  4724 | D:5      | Reached * piety under Vehumet
  4724 | D:5      | Offered knowledge of Freeze by Vehumet.
  4780 | D:5      | Found an opulent altar of Gozag.
  4857 | D:5      | Found a shimmering blue altar of Sif Muna.
  4859 | D:5      | Found a hide-covered altar of Uskayaw.
  5033 | D:5      | Reached XP level 8. HP: 51/57 MP: 10/14
  5607 | D:6      | Noticed Maggie
  5624 | D:6      | Killed Maggie
  5625 | D:6      | Reached skill level 5 in Dodging
  5625 | D:6      | Reached skill level 5 in Spellcasting
  5625 | D:6      | Reached skill level 5 in Conjurations
  5625 | D:6      | Reached skill level 6 in Fire Magic
  6062 | D:6      | Reached XP level 9. HP: 62/62 MP: 9/17
  6194 | D:6      | Found an iron altar of Okawaru.
  6452 | D:6      | Learned a level 4 spell: Flame Wave
  6541 | D:6      | Found the +7 staff of the Meek {protect, meekguard}
  6665 | D:7      | Found a shadowy altar of Dithmenos.
  6744 | D:7      | Offered knowledge of Magic Dart by Vehumet.
  6744 | D:7      | Noticed a troll
  6777 | D:7      | Killed a troll
  6777 | D:7      | Reached ** piety under Vehumet
  6778 | D:7      | Reached skill level 7 in Fire Magic
  7580 | D:8      | Offered knowledge of Mephitic Cloud by Vehumet.
  7625 | D:8      | Reached XP level 10. HP: 40/69 MP: 13/20
  8062 | D:8      | Reached skill level 8 in Fire Magic
  8117 | D:8      | Reached *** piety under Vehumet
  8735 | D:8      | Found a staircase to the Lair.
  9013 | D:8      | Found a burning altar of Makhleb.
  9638 | D:9      | Offered knowledge of Stone Arrow by Vehumet.
  9734 | D:9      | Found a large runed translucent door.
  9734 | D:9      | Found a large runed translucent door.
  9737 | D:9      | Noticed a cyan ugly thing
  9737 | D:9      | Noticed a brown ugly thing
  9738 | D:9      | Found a shimmering altar of Xom.
  9741 | D:9      | Identified the amulet of Vuawo {Acrobat Str+3}
  9741 | D:9      | Identified the +6 dagger "Waudwa" {chaos, rC+ MP+9 Int-5
                  | Stlth+}
 10090 | D:9      | Found a hazy altar of Hepliaklqana.
 10107 | D:9      | Found a broken altar of Ashenzari.
 10409 | D:9      | Found a staircase to the Orcish Mines.
 11198 | D:10     | Entered Level 10 of the Dungeon
 11305 | D:10     | Reached skill level 1 in Evocations
 11442 | D:10     | Learned a level 3 spell: Ignite Poison
 11447 | D:10     | Learned a level 4 spell: Sticky Flame
 12345 | D:11     | Noticed a two-headed ogre
 12357 | D:11     | Killed a two-headed ogre
 12358 | D:11     | Reached skill level 9 in Fire Magic
 12448 | D:11     | Reached **** piety under Vehumet
 12541 | D:11     | Noticed Psyche
 12546 | D:11     | Killed Psyche
 12547 | D:11     | Reached XP level 11. HP: 64/74 MP: 16/23
 13585 | Lair:1   | Entered Level 1 of the Lair of Beasts
 13918 | Lair:1   | Noticed a five-headed hydra
 13919 | Lair:1   | Noticed a six-headed hydra
 13934 | Lair:1   | Killed a five-headed hydra
 13934 | Lair:1   | Killed by an exploding five-headed hydra... ignited by
                  | their inner flame

Illustrated notes

Levels and vault maps discovered:
D:1:      dpeg_arrival_boxorama, layout_rooms,
          shapermc_ecumenical_altar_notcrosses
D:2:      layout_loops_ring
D:3:      layout_basic, mainiacjoe_overflow_surrounded_room, tso_altar,
          chequers_temple_overflow_statue_of_worship
D:4:      layout_loops_ring, minmay_temple_entry_tees, serial_shops,
          nicolae_shop_bloodbath_and_beyond, kennysheep_cluttered_room,
          kennysheep_cross_bottleneck
D:5:      layout_rooms, minitemple, mainiacjoe_overflow_chevrons,
          minmay_misc_feat_nine_boxes, minmay_between
D:6:      layout_loops_ring, mainiacjoe_overflow_tiny_flanked, uniq_maggie
D:7:      layout_rooms, nicolae_dithmenos_the_darkroom
D:8:      layout_loops_corners, lightli_temple_of_fire, david_lair_shrubbed
D:9:      due_chaos_kobolds, layout_cave_pods, mainiacjoe_overflow_alcove_1,
          mainiacjoe_overflow_concentric_impassable, david_orc_2,
          grunt_decor_one_mirror, grunt_ministairs_9,
          chequers_serial_rivers_small_3, water_maze_lemuel
D:10:     layout_rooms
D:11:     layout_layer_cave, lightli_orcish_oven, uniq_psyche
Temple:   kb_temple_of_zot
Lair:1:   layout_regular_city, basic_altar, st_stairs_4

Skill      XL: |  1  2  3  4  5  6  7  8  9 10 11 |
---------------+----------------------------------+-----
Dodging        | 2 3 4 5 6 8 |  8.2
Conjurations   | 2 3 4 5 7 8 |  8.8
Spellcasting   | 3 4 5 6 8 |  8.2
Fire Magic     | 4 5 6 7 9 |  9.3
Evocations     | 2 3 |  3.4
Stealth        | |  1.7

Action                   |  1- 3 |  4- 6 |  7- 9 | 10-12 || total
-------------------------+-------+-------+-------+-------++-------
Melee: Mace              |    34 |    28 |       |       ||    62
       Tailslap          |     4 |       |     2 |       ||     6
       Punch             |     1 |       |       |       ||     1
       Halberd           |       |     8 |    10 |       ||    18
       Quarterstaff      |       |       |     8 |     1 ||     9
 Cast: Foxfire           |    41 |    56 |   131 |   136 ||   364
       Scorch            |     1 |    11 |    34 |    29 ||    75
       Conjure Flame     |       |     4 |    10 |     8 ||    22
       Inner Flame       |       |       |    10 |    47 ||    57
       Ignite Poison     |       |       |       |     6 ||     6
       Sticky Flame      |       |       |       |     5 ||     5
 Abil: Breathe Noxious F |       |       |    16 |    15 ||    31
  Use: Scroll            |       |     5 |     5 |     4 ||    14
Armor: Skin              |    18 |    16 |    26 |    12 ||    72
Dodge: Dodged            |    28 |    46 |    51 |    59 ||   184

Table legend: (Time is in decaauts)
 A = Elapsed time spent in this place.
 B = Non-inter-level travel time spent in this place.
 C = Inter-level travel time spent in this place.
 D = Time resting spent in this place.
 E = Time spent auto-exploring this place.
 F = Levels seen in this place.
 G = Mean time per level.
                   A        B        C        D        E       F      G
               +--------+--------+--------+--------+--------+-----+--------+
         Total |  13974 |  13596 |    378 |    650 |  10674 |  13 | 1074.9 |
       Dungeon |  13479 |  13102 |    377 |    595 |  10374 |  11 | 1225.4 |
        Temple |    145 |    145 |      0 |      0 |     87 |   1 |  145.0 |
          Lair |    348 |    348 |      0 |     55 |    213 |   1 |  348.0 |
               +--------+--------+--------+--------+--------+-----+--------+

Top non-repeatable levels by time:
     D:8: 2048 daAuts
     D:9: 1724 daAuts
    D:11: 1620 daAuts
     D:4: 1341 daAuts
     D:6: 1255 daAuts
     D:3: 1117 daAuts
     D:1: 1110 daAuts
     D:2: 875 daAuts
     D:5: 848 daAuts
     D:7: 846 daAuts
    D:10: 690 daAuts
  Lair:1: 348 daAuts
  Temple: 145 daAuts
